Map: Odyssey LE

Players

MaSa

  • Race: Terran Terran
  • Spawn Location: 11:00

Kelazhur - Winner!

  • Race: Terran Terran
  • Spawn Location: 5:00

Event: WCS Valencia 2017

VOD

Have the link to the VOD?

Description

Time

  • Played on: July 14, 2017, 11 a.m.
  • Length: 16:35

All games in this series

Show
View Real Time Build Order
Export as new Build Order

MaSa Terran 

Build Orders: 1/1/1, Cyclone Opening, MMM Bio 

Get SALT Encoding   

  12  0:00  SCV  
  13  0:12  SCV  
  14  0:17  Supply Depot  
  14  0:25  SCV  
  14  0:28  Refinery  
  15  0:39  SCV  
  16  0:45  Barracks  
  16  0:51  SCV  
  17  0:57  Refinery  
  17  1:03  SCV  
  18  1:15  SCV  
  19  1:26  Barracks  
  19  1:27  SCV  
  20  1:33  Factory  
  20  1:35  Reaper  
  21  1:48  Orbital Command  
  21  2:02  Supply Depot  
  21  2:07  Reaper  
  22  2:13  SCV  
  23  2:19  Starport  
  23  2:25  Hellion  
  23  2:29  SCV  
  26  2:39  Barracks Tech Lab  
  26  2:40  Supply Depot  
  26  2:43  SCV  
  27  2:51  Cyclone  
  30  2:55  SCV  
  31  3:02  Raven  
  33  3:07  SCV  
  34  3:20  SCV  
  34  3:23  Barracks Reactor  
  35  3:29  Command Center  
  34  3:38  SCV  
  35  3:42  Command Center  
  35  3:45  Viking  
  37  3:50  SCV  
  37  3:52  Factory Tech Lab  
  34  4:02  Marine x2, Cyclone  
  39  4:18  Supply Depot  
  39  4:31  Supply Depot  
  39  4:36  SCV  
  39  4:39  Raven  
  40  4:48  SCV  
  40  4:49  Marine x2, Cyclone  
  46  5:00  SCV  
  46  5:03  Orbital Command, Refinery  
  47  5:08  Marine  
  47  5:09  Marine  
  47  5:13  SCV  
  50  5:25  SCV  
  50  5:26  Barracks  
  50  5:27  Factory Tech Lab  
  51  5:32  SCV  
  51  5:33  Barracks  
  51  5:35  Stimpack, Marine  
  53  5:37  SCV, Starport Reactor  
  54  5:44  SCV  
  54  5:49  SCV  
  56  5:51  Siege Tank  
  56  5:53  Marine  
  56  5:56  SCV  
  61  6:01  SCV  
  62  6:08  SCV  
  63  6:13  SCV  
  64  6:20  Marine x2, SCV  
  64  6:21  Barracks Reactor, Medivac  
  64  6:22  Medivac  
  64  6:25  SCV, Refinery  
  70  6:35  Supply Depot  
  70  6:44  Supply Depot  
  70  6:46  Engineering Bay  
  70  6:56  Siege Tank, Marine, SCV  
  70  6:57  SCV  
  70  6:58  Marine x2, Supply Depot  
  78  7:05  Marine x2  
  78  7:08  Supply Depot  
  80  7:09  SCV x2  
  80  7:12  Terran Infantry Weapons Level 1  
  80  7:14  Marine  
  83  7:15  Marine  
  83  7:21  SCV x2  
  86  7:24  Marine x3  
  86  7:27  Medivac x2  
  93  7:32  Marine  
  93  7:33  SCV x2  
  96  7:44  Marine x2  
  86  7:47  Marine x2  
  86  7:48  Siege Tank, SCV  
  86  7:50  Marine  
  89  7:57  Medivac x2  
  93  8:01  Marine  
  93  8:02  Marine, Command Center  
  93  8:05  Marine x2  
  97  8:07  SCV, Marine  
  99  8:19  Marine x2  
  99  8:23  SCV, Barracks  
  99  8:24  Barracks  
  99  8:26  Supply Depot  
  102  8:37  Marine x3, Medivac x2  
  102  8:38  Supply Depot  
  102  8:39  Combat Shields, Supply Depot  
  109  8:48  Siege Tank  
  112  8:51  Marine x2  
  112  8:52  SCV x2  
  116  9:04  SCV  
  116  9:07  Marine x3  
  116  9:09  Marine x2  
  78  9:10  Medivac  
  121  9:11  Medivac  
  121  9:12  Marine  
  126  9:18  Marine  
  126  9:20  Siege Tank  
  127  9:24  Marine x2  
  127  9:25  Marine  
  127  9:27  Marine x2, Command Center  
  127  9:30  Marine  
  133  9:36  Marine  
  134  9:43  Supply Depot  
  134  9:44  Supply Depot  
  129  10:02  Marine x2  
  129  10:03  Marine  
  129  10:04  Siege Tank, Marine x4, Medivac  
  111  10:16  SCV  
  111  10:17  Medivac  
  111  10:20  Marine x2  
  99  10:22  Marine x3  
  99  10:23  Terran Infantry Armor Level 1, SCV  
  101  10:31  Supply Depot  
  101  10:32  Barracks Reactor  
  101  10:33  Barracks Reactor  
  101  10:34  Medivac  
  101  10:38  Marine x2  
  101  10:39  Marine x2  
  101  10:40  Marine  
  105  10:47  Medivac  
  107  10:51  Siege Tank  
  107  10:56  Marine x2  
  112  10:57  Marine x3  
  115  11:07  Planetary Fortress  
  115  11:10  Marine x2  
  117  11:14  Marine x2  
  117  11:15  Marine x3  
  121  11:20  Marine x2  
  113  11:27  Marine  
  113  11:31  Marine  
  113  11:32  Marine x2  
  88  11:33  Marine  
  88  11:39  Marine x2  
  78  11:45  Marine  
  78  11:46  Siege Tank  
  77  11:51  Marine x2  
  77  11:54  Marine  
  77  11:57  Marine x3  
  80  12:09  Armory  
  76  12:18  Marine x2, Engineering Bay  
  75  12:25  Marine x4  
  75  12:27  SCV  
  78  12:35  SCV  
  78  12:36  Marine x2  
  81  12:39  Medivac  
  81  12:41  SCV  
  83  12:45  Barracks Reactor  
  83  12:47  Marine x4, SCV  
  88  12:51  Armory  
  88  12:53  Marine  
  88  12:54  Siege Tank  
  88  12:55  Marine  
  88  12:58  SCV  
  94  13:04  SCV  
  94  13:05  Marine x3  
  95  13:13  Orbital Command  
  95  13:16  Marine x2  
  86  13:26  Siege Tank, Marine x4  
  91  13:41  Marine x3  
  84  13:50  Marine x2  
  84  13:51  Marine x2  
  85  14:08  Marine x4  
  82  14:12  Marine x2  
  82  14:16  Marine  
  81  14:25  Marine x2  
  81  14:28  Marine  
  81  14:31  Marine  
  76  14:37  Marine x2  
  73  14:43  Marine x2  
  73  14:45  Marine  
  75  14:51  Medivac  
  78  14:54  Marine  
  79  15:02  Siege Tank  
  82  15:10  Marine  
  83  15:14  Marine  
  83  15:15  Marine  
  83  15:18  Marine  
  83  15:21  Medivac  
  84  15:22  Marine  
  84  15:25  Orbital Command  
  77  15:36  Marine  
  77  15:37  Marine x2  
  77  15:38  Marine x2  
  45  15:44  Marine x3  
  47  15:51  Medivac  
Show
View Real Time Build Order
Export as new Build Order

Kelazhur Terran - Winner!

Build Orders: 1/1/1, Cyclone Opening, MMM Bio 

Get SALT Encoding   

  12  0:00  SCV  
  13  0:12  SCV  
  14  0:17  Supply Depot  
  14  0:25  SCV  
  14  0:28  Refinery  
  15  0:39  SCV  
  16  0:45  Barracks  
  16  0:51  SCV  
  16  0:55  Refinery  
  17  1:03  SCV  
  18  1:15  SCV  
  19  1:32  Factory, Orbital Command  
  19  1:34  Reaper  
  20  1:44  Supply Depot  
  20  1:57  SCV  
  21  2:07  Reaper  
  22  2:10  SCV  
  23  2:17  Starport  
  23  2:20  Cyclone  
  23  2:22  SCV  
  27  2:28  Supply Depot  
  27  2:34  SCV  
  28  2:39  Barracks Tech Lab  
  28  2:46  SCV  
  29  2:52  Hellion  
  29  2:58  SCV  
  32  3:01  Banshee, Cloaking Field  
  35  3:10  SCV, Supply Depot  
  34  3:22  Hellion  
  36  3:27  SCV  
  37  3:43  Command Center  
  34  3:51  SCV  
  34  3:53  Raven  
  35  4:00  Cyclone  
  38  4:05  Barracks Reactor  
  38  4:07  SCV  
  39  4:19  SCV  
  39  4:23  Supply Depot  
  40  4:31  SCV  
  40  4:32  Cyclone  
  44  4:43  Marine x2  
  44  4:44  SCV  
  42  4:56  SCV  
  43  5:04  Bunker  
  43  5:07  Starport Reactor  
  43  5:08  SCV  
  43  5:09  Marine, Barracks  
  43  5:10  Stimpack, Factory Tech Lab  
  43  5:12  Barracks  
  43  5:14  Orbital Command  
  45  5:15  Refinery  
  45  5:21  SCV  
  46  5:29  Siege Tank, Marine  
  46  5:33  SCV  
  51  5:40  SCV  
  52  5:45  SCV  
  52  5:47  Marine, Engineering Bay  
  52  5:49  Engineering Bay  
  53  5:52  SCV  
  54  5:57  SCV  
  54  5:59  Marine x2  
  57  6:04  SCV  
  57  6:05  Marine  
  57  6:06  Siege Tank  
  57  6:09  SCV  
  57  6:10  Starport Reactor  
  63  6:16  SCV  
  61  6:19  Marine x3  
  61  6:21  Terran Infantry Armor Level 1, SCV, Terran Infantry Weapons Level 1  
  63  6:28  SCV, Refinery  
  63  6:30  Marine  
  63  6:31  Marine  
  66  6:38  Siege Tank  
  66  6:39  SCV  
  70  6:41  Marine  
  70  6:46  Marine x2  
  72  6:47  Supply Depot  
  72  6:49  SCV  
  72  6:51  Marine  
  72  6:52  Starport Reactor  
  74  6:54  SCV  
  74  7:00  Marine  
  74  7:01  Marine, Supply Depot  
  77  7:12  Siege Tank, Combat Shields  
  77  7:14  Marine x2  
  77  7:15  Marine  
  82  7:18  Marine  
  84  7:24  Marine  
  84  7:26  Supply Depot  
  84  7:28  SCV x2  
  87  7:32  Marine  
  87  7:34  Viking x2  
  81  7:44  Siege Tank  
  81  7:47  Marine  
  81  7:48  Marine x3  
  81  7:50  Marine  
  86  7:54  SCV  
  87  7:59  Armory  
  87  8:00  Supply Depot  
  87  8:04  Medivac x2  
  91  8:05  Marine  
  91  8:11  Marine x2  
  94  8:17  Supply Depot  
  94  8:21  Marine x2  
  93  8:28  Marine, Supply Depot  
  93  8:29  Marine x2  
  93  8:39  Marine  
  94  8:42  Medivac x2  
  94  8:43  Barracks  
  94  8:45  Barracks  
  94  8:47  Marine x4  
  102  8:56  Terran Infantry Armor Level 2  
  102  8:58  Supply Depot  
  102  9:00  Supply Depot  
  102  9:03  Terran Infantry Weapons Level 2  
  102  9:06  Marine x3  
  102  9:08  Marine  
  106  9:16  Siege Tank  
  109  9:24  Command Center  
  109  9:25  Marine x2  
  111  9:39  Medivac x2  
  111  9:40  Marine x3  
  111  9:43  Marine x2  
  120  9:51  Siege Tank  
  120  9:58  Barracks Reactor, Marine x2  
  120  9:59  Barracks Reactor, Supply Depot  
  119  10:10  Marine  
  102  10:15  SCV  
  102  10:17  SCV  
  83  10:22  Marine x4  
  83  10:27  SCV  
  83  10:28  Marine  
  88  10:29  SCV  
  90  10:39  SCV, Marine  
  90  10:40  Marine x3  
  90  10:41  SCV, Marine x4  
  99  10:50  Marine  
  99  10:51  SCV  
  99  10:53  SCV  
  102  10:59  Marine x4  
  102  11:00  Marine x3  
  102  11:02  Siege Tank  
  102  11:03  SCV  
  113  11:05  SCV  
  108  11:21  Marine x2  
  101  11:28  Marine  
  91  11:34  Siege Tank  
  87  11:43  Marine  
  85  11:51  Marine  
  84  11:56  Marine  
  84  12:01  Marine  
  86  12:05  Marine x3  
  86  12:07  Marine  
  84  12:17  Marine  
  81  12:24  Siege Tank  
  81  12:28  Orbital Command  
  76  12:30  Marine  
  76  12:32  Marine  
  76  12:33  Marine  
  76  12:35  Marine  
  80  12:38  Marine  
  80  12:44  Marine x3  
  84  12:54  Marine  
  84  12:55  Marine x2  
  84  12:56  SCV x2  
  84  12:57  Marine  
  84  12:58  Marine x2  
  92  13:02  Marine  
  93  13:08  Medivac x2  
  93  13:10  Marine  
  98  13:14  Marine  
  94  13:32  Marine x2  
  90  13:42  Marine x4  
  90  13:43  Marine x3  
  97  13:50  Marine x2  
  96  14:00  Marine  
  81  14:20  Marine  
  81  14:21  Marine  
  80  14:37  Marine  
  80  14:38  Marine x3  
  84  14:42  Orbital Command  
  84  14:48  Siege Tank  
  87  14:54  SCV  
  88  15:02  Marine x2  
  88  15:06  SCV  
  91  15:09  Marine  
  91  15:17  SCV  
  91  15:18  SCV  
  88  15:29  SCV  
  88  15:30  SCV  
  81  15:41  SCV  
  81  15:42  Marine x5, SCV  
  70  15:49  Marine  
  71  15:53  SCV  
  71  15:54  SCV  
  68  16:05  SCV  
  68  16:06  SCV  
Tags
 
Add a new tag
Caveats
  • Supply blocks, unpowered buildings, or Contaminate may cause inaccurate times.
  • Supply counts are checked every 10 seconds.